 Dungeon Crawl Stone Soup version 0.26.1-10-gdfb7c7de75 (webtiles) character file.

Game seed: 2421977202706588253

81 Almogavar the Conjurer (level 4, -3/24 HPs)
             Began as a Deep Elf Conjurer on Apr 8, 2021.
             Shot with an arrow by a centaur (4 damage)
             ... on level 3 of the Dungeon.
             The game lasted 00:09:12 (2163 turns).

Almogavar the Conjurer (Deep Elf Conjurer)          Turns: 2163, Time: 00:09:14

Health: -3/24      AC:  6    Str:  4    XL:     4   Next: 20%
Magic:  10/12      EV: 13    Int: 24    God:
Gold:   123        SH:  0    Dex: 13    Spells: 10/11 levels left

rFire    . . .     SeeInvis .   f - +0 short sword
rCold    . . .     Faith    .   (no shield)
rNeg     . . .     Spirit   .   a - +0 robe
rPois    .         Reflect  .   (no helmet)
rElec    .         Harm     .   (no cloak)
rCorr    .         Rampage  .   o - +0 pair of gloves
Will     .....                  d - +2 pair of boots
Stlth    ++........             (no amulet)
HPRegen  0.08/turn              j - ring of flight
MPRegen  0.13/turn              (no ring)

@: no status effects
A: no striking features
a: Evoke Flight


You were on level 3 of the Dungeon.
You visited 1 branch of the dungeon, and saw 3 of its levels.

You collected 123 gold pieces.

Inventory:

Hand Weapons
 f - a +0 short sword (weapon)
 m - a +1 spear of venom
Armour
 a - a +0 robe (worn)
 d - a +2 pair of boots (worn)
 k - a +0 ring mail
 l - a +0 buckler
 o - a +0 pair of gloves (worn)
Jewellery
 j - a ring of flight (left hand)
Scrolls
 b - a scroll of magic mapping {unknown}
 c - a scroll of amnesia
 e - 3 scrolls of remove curse
 i - a scroll of enchant armour
 p - 2 scrolls of teleportation {unknown}
Potions
 g - 2 potions of curing
 h - 2 potions of might
 n - a potion of brilliance {unknown}
 q - a potion of haste {unknown}


   Skills:
 + Level 2.5 Dodging
 + Level 2.9 Stealth
 + Level 4.0 Spellcasting
 + Level 5.6 Conjurations


You had 10 spell levels left.
You knew the following spells:

 Your Spells              Type           Power        Failure   Level
a - Magic Dart            Conj           100%         1%          1

Your spell library contained the following spells:

 Spells                   Type           Power        Failure   Level
 Searing Ray              Conj           64%          1%          2
 Dazzling Flash           Conj/Hex       36%          9%          3
 Fulminant Prism          Conj/Hex       9%           30%         4
 Iskenderun's Mystic Bla  Conj/Tloc      18%          30%         4


Dungeon Overview and Level Annotations

Branches:
Dungeon (3/15)

Altars:
Cheibriados
Dithmenos
Gozag
Uskayaw
Yredelemnul


Message History

* * * LOW HITPOINT WARNING * * *
You see here 2 arrows.
You feel better.
Okay, then.
Casting: Magic Dart (safe; 1% risk of failure)
Confirm with . or Enter, or press ? or * to list all spells.
Aiming: Magic Dart (safe; 1% risk of failure)
Press: ? - help, Shift-Dir - straight line, f - centaur
Aim: a centaur, wielding a +0 shortbow and quivering 21 arrows (0% to evade)
The magic dart hits the centaur but does no damage.
Casting: Magic Dart (safe; 1% risk of failure)
Confirm with . or Enter, or press ? or * to list all spells.
Aiming: Magic Dart (safe; 1% risk of failure)
Press: ? - help, Shift-Dir - straight line, f/p - centaur
Aim: a centaur, wielding a +0 shortbow and quivering 21 arrows (0% to evade)
The magic dart hits the centaur but does no damage.
The centaur shoots an arrow.
The arrow hits you!
* * * LOW HITPOINT WARNING * * *
The centaur shoots an arrow.
The arrow hits you.
You die...

########<..# ...........#######
.........###.....#
.........###.....#
.................###.##.
....................#........
....................#.###....
#......#####.......#.###.##.
#......# #.@.......+........
#......# #.........#.###....
#......# #...###+###.####.#.
#......###c..###............
#c.....##........#...##.#...
.....###...(........+...+....##
... #............#...##.#... c
#....#....†#.#†.........
##...#.....#.#......#.#.


You could see a centaur.

Vanquished Creatures
  A gnoll (D:1)
  An adder (D:2)
  A worm (D:2)
  A dart slug (D:2)
  A leopard gecko (D:3)
  6 giant cockroaches
  4 goblins
  7 hobgoblins
  7 jackals
  2 bats (D:1)
  6 frilled lizards
  7 kobolds
  10 rats
54 creatures vanquished.

Notes
Turn   | Place    | Note
-------+----------+-------------------------------------------
     0 | D:1      | Almogavar the Deep Elf Conjurer began the quest for the
                  | Orb.
     0 | D:1      | Reached XP level 1. HP: 10/10 MP: 6/6
   181 | D:1      | Reached XP level 2. HP: 15/15 MP: 1/8
   391 | D:1      | Reached skill level 5 in Conjurations
   400 | D:1      | Reached XP level 3. HP: 19/19 MP: 2/10
   934 | D:2      | Found a hide-covered altar of Uskayaw.
  1080 | D:2      | Found a shadowy altar of Dithmenos.
  1156 | D:2      | Found a snail-covered altar of Cheibriados.
  1316 | D:2      | Reached XP level 4. HP: 24/24 MP: 7/11
  1354 | D:2      | Found a basalt altar of Yredelemnul.
  1883 | D:3      | Found an opulent altar of Gozag.
  2151 | D:3      | Noticed a centaur
  2163 | D:3      | HP: 1/24 [centaur/arrow (9)]
  2163 | D:3      | Shot with an arrow by a centaur

Illustrated notes

Levels and vault maps discovered:
D:1:      matt_arrival_diagonals, layout_rooms
D:2:      layout_basic, nicolae_overflow_crystal_walls,
          lemuel_coloured_pillars_altar, eat_drink_and_be_merry_uskayaw,
          lemuel_crystal_altar
D:3:      layout_basic, old_standard_altar, tgw_sif

Skill      XL: |  1  2  3  4 |
---------------+-------------+-----
Conjurations   | 5 |  5.6
Spellcasting   | 4 |  4.0
Dodging        | |  2.5
Stealth        | |  2.9

Action                   |  1- 3 |  4- 6 || total
-------------------------+-------+-------++-------
 Cast: Magic Dart        |    73 |    21 ||    94
  Use: Scroll            |     6 |     1 ||     7
       Potion            |       |     1 ||     1
Dodge: Dodged            |     1 |       ||     1
